 Dungeon Crawl Stone Soup version 0.24.0-10-g970556be89 (webtiles) character file.

Game seed: 10417977806603290333, levelgen mode: deterministic

252 FishyPogo the Skirmisher (level 5, 0/42 HPs)
             Began as a Minotaur Gladiator on Nov 3, 2019.
             Was an Initiate of Qazlal.
             Slain by Grinder (9 damage)
             ... on level 3 of the Dungeon.
             The game lasted 00:07:17 (2633 turns).

FishyPogo the Skirmisher (Minotaur Gladiator)       Turns: 2633, Time: 00:07:18

Health: 0/42       AC:  3    Str: 25    XL:     5   Next: 89%
Magic:  3/3        EV: 13    Int: 10    God:    Qazlal [......]
Gold:   170        SH:  4    Dex: 13    Spells: 4/4 levels left

rFire    . . .     SeeInvis .   a - +0 trident
rCold    . . .     Gourm    .   r - +0 buckler (curse)
rNeg     . . .     Faith    .   b - +0 leather armour
rPois    .         Spirit   .   (helmet unavailable)
rElec    .         Reflect  .   (no cloak)
rCorr    .         Harm     .   (no gloves)
MR       .....                  (no boots)
Stlth    +.........             (no amulet)
HPRegen  0.14/turn              (no ring)
MPRegen  0.08/turn              (no ring)

@: mighty, brilliant, flying
A: retaliatory headbutt, horns 3, agile 1, frail 1, low mp 1
a: Renounce Religion


You were on level 3 of the Dungeon.
You worshipped Qazlal.
Qazlal was noncommittal.
You were hungry.

You visited 1 branch of the dungeon, and saw 3 of its levels.

You collected 170 gold pieces.

Inventory:

Hand Weapons
 a - a +0 trident (weapon)
Missiles
 d - 3 throwing nets
 h - 77 stones (quivered)
Armour
 b - a +0 leather armour (worn)
 c - a +0 hat
 r - a cursed +0 buckler (worn)
Wands
 n - a wand of disintegration (14)
 t - a wand of random effects (14)
Scrolls
 j - 2 scrolls of magic mapping {unknown}
 k - a scroll of blinking {unknown}
 l - a scroll of amnesia {unknown}
 p - 2 scrolls of remove curse {unknown}
 q - 2 scrolls of identify {unknown}
 s - a scroll of enchant weapon {unknown}
 v - a scroll of enchant armour {unknown}
 w - a scroll of teleportation {unknown}
Potions
 g - a potion of haste {unknown}
Comestibles
 f - 4 rations


   Skills:
 * Level 4.8 Fighting
 - Level 4.0 Polearms
 + Level 3.1 Throwing
 + Level 1.4 Armour
 - Level 4.5 Dodging
 * Level 2.2 Shields


You had 4 spell levels left.
You didn't know any spells.
Your spell library was empty.

Dungeon Overview and Level Annotations

Branches:
Dungeon (3/15)

Altars:
Qazlal

Annotations:
D:3 Grinder


Innate Abilities, Weirdness & Mutations

You reflexively headbutt those who attack you in melee.
You have a pair of large horns on your head.
You are agile. (Dex +2)
You are frail. (-10% HP)
Your magical capacity is low. (-10% MP)


Message History

You suddenly lose the ability to move!
Grinder hits you!
You writhe in agony.
Grinder hits you.
You can move again.
Unknown command.
You barely miss Grinder. You headbutt Grinder.
Grinder is moderately wounded.
Grinder hits you!
You puncture Grinder! You headbutt Grinder!!
Grinder is almost dead.
Grinder hits you.
You writhe in agony.
You hit Grinder but do no damage.
Grinder is almost dead.
Grinder gestures at you. Pain shoots through your body!
* * * LOW HITPOINT WARNING * * *
You completely miss Grinder.
Grinder is almost dead.
Grinder hits you!
You die...

## .#
#.##########.#
#..........<.#
#.5@(.((..#
#.#######.# #
.# .# .# .. ..


You could see Grinder.

Vanquished Creatures
  Natasha (thrice) (D:2)
  A worker ant (D:2)
  Robin (D:2)
  6 adders (D:2)
  An ooze (D:2)
  A worm (D:2)
  2 dart slugs
  2 leopard geckos (D:1)
  10 giant cockroaches
  6 hobgoblins
  9 jackals
  13 kobolds
  4 bats
  2 frilled lizards
  11 goblins
  4 rats
76 creatures vanquished.

Notes
Turn   | Place    | Note
-------+----------+-------------------------------------------
     0 | D:1      | FishyPogo the Minotaur Gladiator began the quest for the
                  | Orb.
     0 | D:1      | Reached XP level 1. HP: 18/18 MP: 0/0
   135 | D:1      | Reached XP level 2. HP: 25/25 MP: 1/1
   581 | D:1      | Reached XP level 3. HP: 31/31 MP: 2/2
  1420 | D:2      | Noticed Robin
  1436 | D:2      | Killed Robin
  1436 | D:2      | Reached XP level 4. HP: 34/40 MP: 3/3
  1642 | D:2      | Reached XP level 5. HP: 29/46 MP: 4/4
  1711 | D:2      | Reached skill level 1 in Shields
  1875 | D:2      | Noticed Natasha
  1880 | D:2      | Killed Natasha
  1880 | D:2      | Reached skill level 1 in Armour
  1905 | D:2      | Found a stormy altar of Qazlal.
  1912 | D:2      | Became a worshipper of Qazlal Stormbringer
  2196 | D:2      | Found a stormy altar of Qazlal.
  2428 | D:2      | Noticed Natasha
  2436 | D:2      | Killed Natasha
  2534 | D:2      | Noticed Natasha
  2539 | D:2      | Killed Natasha
  2614 | D:3      | Noticed Grinder
  2624 | D:3      | Gained mutation: You are agile. (Dex +2) [potion of
                  | mutation]
  2624 | D:3      | Gained mutation: Your magical capacity is low. (-10% MP)
                  | [potion of mutation]
  2624 | D:3      | Gained mutation: You are frail. (-10% HP) [potion of
                  | mutation]
  2624 | D:3      | Gained mutation: You have a pair of large horns on your
                  | head. [potion of mutation]
  2627 | D:3      | Paralysed by Grinder for 3 turns
  2633 | D:3      | Slain by Grinder

Levels and vault maps discovered:
D:1:      kilobyte_arrival_exit_the_forest, layout_loops_ring,
          roderic_serpentine_path, st_stairs_1, minmay_worlds_worst_comb
D:2:      layout_basic, minmay_misc_feat_alley, nicolae_qazlal_eye_of_the_storm,
          uniq_robin, uniq_natasha
D:3:      layout_loops_ring, lemuel_coloured_pillars_altar, tgw_fedhas,
          first_ration, uniq_ijyb, uniq_grinder, uniq_crazy_yiuf_cottage

Skill      XL: |  1  2  3  4  5 |
---------------+----------------+-----
Fighting       | 3 4 |  4.8
Polearms       | 4 |  4.0
Dodging        | 4 |  4.5
Shields        | 2 |  2.2
Armour         | 1 |  1.4
Throwing       | 3 |  3.1

Action                   |  1- 3 |  4- 6 || total
-------------------------+-------+-------++-------
Melee: Trident           |    92 |   102 ||   194
       Headbutt          |     9 |    18 ||    27
Throw: Stone             |    25 |    11 ||    36
  Use: Potion            |       |     5 ||     5
 Stab: Sleeping          |     2 |       ||     2
  Eat: Chunk             |     2 |     3 ||     5
Armor: Leather armour    |    10 |    10 ||    20
Dodge: Dodged            |    51 |    70 ||   121
Block: Buckler           |       |     8 ||     8
